 Dungeon Crawl Stone Soup version 0.23-a0-358-g98c7a59 (webtiles) character file.

35 Getoffmy the Twirler (level 3, -1/28 HPs)
             Began as a Demonspawn Gladiator on Oct 21, 2018.
             Slain by a gnoll
             ... wielding a +0 whip
              (2 damage)
             ... on level 2 of the Dungeon on Oct 23, 2018.
             The game lasted 00:03:45 (1397 turns).

Getoffmy the Twirler (Demonspawn Gladiator)         Turns: 1397, Time: 00:03:45

Health: -1/28      AC:  3    Str: 15    XL:     3   Next: 17%
Magic:  3/3        EV: 12    Int:  9    God:
Gold:   38         SH:  0    Dex: 14    Spells: 2/2 levels left

rFire    . . .     SeeInvis .   a - +0 quarterstaff
rCold    . . .     Gourm    .   (shield currently unavailable)
rNeg     . . .     Faith    .   b - +0 leather armour
rPois    .         Spirit   .   (helmet restricted)
rElec    .         Reflect  .   (no cloak)
rCorr    .         Harm     .   (no gloves)
MR       .....                  (no boots)
Stlth    +.........             (no amulet)
HPRegen  0.09/turn              (no ring)
MPRegen  0.08/turn              (no ring)

@: no status effects
A: antennae 1
a: no special abilities


You were on level 2 of the Dungeon.
You were not hungry.

You visited 1 branch of the dungeon, and saw 2 of its levels.

You collected 38 gold pieces.

Inventory:

Hand Weapons
 a - a +0 quarterstaff (weapon)
Missiles
 d - 3 throwing nets
 j - 11 stones (quivered)
Armour
 b - a +0 leather armour (worn)
 c - a +0 helmet
Jewellery
 l - a +3 ring of dexterity {unknown}
Scrolls
 e - 2 scrolls of identify {unknown}
 h - 2 scrolls of fear {unknown}
 i - a scroll of enchant weapon {unknown}
 m - a scroll of blinking {unknown}
 n - a scroll of teleportation {unknown}
 o - a scroll of amnesia {unknown}
Comestibles
 f - 3 rations
 k - a chunk of flesh


   Skills:
 + Level 2.4 Fighting
 * Level 3.3 Staves
 - Level 1.7 Throwing
 + Level 1.1 Armour
 - Level 2.6 Dodging


You had 2 spell levels left.
You didn't know any spells.
Your spell library was empty.

Dungeon Overview and Level Annotations

Branches:
Dungeon (2/15)

Altars:


Innate Abilities, Weirdness & Mutations

You have a pair of small antennae on your head.


Message History

The gnoll is heavily wounded.
The gnoll hits you with a +0 spear.
* * * LOW HITPOINT WARNING * * *
You closely miss the gnoll.
The gnoll is heavily wounded.
A gnoll comes into view. It is wielding a +0 whip.
The gnoll barely misses you.
You barely miss the gnoll.
The gnoll is heavily wounded.
It was a potion of magic.
Magic courses through your body. The gnoll hits you with a +0 whip!
* * * LOW HITPOINT WARNING * * *
Throwing (i - inventory. (/) - cycle)
j - 12 stones (quivered)
Press: ? - help, Shift-Dir - straight line, f/p - gnoll
Aim: a gnoll, wielding a +0 spear (heavily wounded)
You throw a stone. The stone barely misses the gnoll.
The stone hits the gnoll but does no damage.
The gnoll is heavily wounded.
The gnoll hits you with a +0 whip.
You die...

... .≈≈ ..#
.(# ..## ...
############.#
#....@gg(g.g.#
#.############


You could see 4 gnolls.

Vanquished Creatures
  3 dart slugs (D:1)
  A leopard gecko (D:1)
  2 giant cockroaches (D:1)
  A goblin (D:1)
  7 hobgoblins (D:1)
  4 kobolds (D:1)
  2 bats (D:1)
  2 frilled lizards (D:1)
  4 rats (D:1)
26 creatures vanquished.

Notes
Turn   | Place    | Note
-------+----------+-------------------------------------------
     0 | D:1      | Getoffmy the Demonspawn Gladiator began the quest for the
                  | Orb.
     0 | D:1      | Reached XP level 1. HP: 16/16 MP: 1/1
    52 | D:1      | Upgraded the game from 0.23-a0-356-g1757c6e to
                  | 0.23-a0-358-g98c7a59
   177 | D:1      | Reached skill level 3 in Staves
   195 | D:1      | Gained mutation: You have a pair of small antennae on your
                  | head. [demonic ancestry]
   195 | D:1      | Reached XP level 2. HP: 21/22 MP: 2/2
   503 | D:1      | Reached skill level 1 in Armour
   682 | D:1      | HP: 1/23 [leopard gecko (5)]
   684 | D:1      | Reached XP level 3. HP: 1/28 MP: 3/3
  1393 | D:2      | HP: 1/28 [gnoll/+0 whip (8)]
  1397 | D:2      | Slain by a gnoll

Vault maps used:
D:1:      lemuel_arrival_rhombus
D:2:      lemuel_round_altar, chequers_ecumenical_altar_island,
          grunt_dithmenos_smoke

Skill      XL: |  1  2 |
---------------+-------+-----
Staves         | 3 |  3.3
Armour         | 1 |  1.1
Fighting       | |  2.4
Throwing       | |  1.7
Dodging        | |  2.6

Action                   || total
-------------------------++-------
Melee: Quarterstaff      ||   103
Throw: Throwing net      ||     1
       Stone             ||     3
  Use: Potion            ||     1
 Stab: Held in net/web   ||     1
  Eat: Chunk             ||     2
Armor: Leather armour    ||    20
Dodge: Dodged            ||    57

Table legend:
 A = Non-vault XP
 B = Vault XP
 C = Vault XP percentage of total XP
 D = Non-vault monster count
 E = Vault monster count
 F = Vault count percentage of total count
                 A         B        C        D         E       F
            +---------+---------+-------+---------+---------+-------
      Total |      51 |       0 |   0.0 |      26 |       0 |   0.0
            +---------+---------+-------+---------+---------+-------
        D:1 |      51 |       0 |   0.0 |      26 |       0 |   0.0
            +---------+---------+-------+---------+---------+-------
